Cogmind - Beta 13 @@@ ROGUE MODE // 2024.04.10 @ 20:05:17 Player: Aeon PSR Result: Destroyed by Y-54 Guardian with Gatling Laser Performance ------------- Evolutions (3) 1500 Regions Visited (5) 1000 Robots Destroyed (70) 350 Value Destroyed (2456) 2456 Prototype IDs (9) 180 Alien Tech Used (0) 0 Bonus (-688) -688 TOTAL SCORE: 4798 Bonus ------- High Alert Combat Kills 147 Follower Combat Kills 252 Friendly Fire -1087 Cogmind --------- Core Integrity 0/700 Matter 133/300 Energy 100/100 System Corruption 11% Temperature Cool (6) Movement Core (350) Ox6 Location -7/Factory Parts ------- > --- POWER (2) -------- (None) > --- PROPULSION (2) --- (None) > --- UTILITY (7) ------ Large Storage Unit > --- WEAPON (2) ------- (None) > --- INVENTORY (15) --- Light Deuterium Engine Coolant Injector Improved Signal Interpreter Armor Integrity Analyzer Improved Shield Generator Assault Rifle Gauss Rifle Plasma Cutter Peak State ------------ > --- POWER ------------ Cooled Ion Engine Improved Deuterium Engine > --- PROPULSION ------- Improved Titanium Leg Improved Titanium Leg > --- UTILITY ---------- Armored Scrap Engine Large Storage Unit Sensor Array Medium Armor Plating Hardened Medium Armor Plating Drone Bay > --- WEAPON ----------- Directed Construct/G Hammer > --- INVENTORY -------- Light Deuterium Engine Improved Titanium Leg Improved Titanium Leg Coolant Injector Improved Signal Interpreter Drone Bay Drone Bay Drone Bay Drone Bay Drone Bay Drone Bay Grenade Launcher Mining Laser Plasma Cutter Mace [Rating: 53] Favorites ----------- Power Cooled Ion Engine Engine Cooled Ion Engine Propulsion Aluminum Leg Leg Aluminum Leg Wheel Wheel Hover Unit Hover Unit Flight Unit VTOL Module Utility Sensor Array Device Sensor Array Storage Large Storage Unit Processor Visual Processing Unit Protection Hardened Light Armor Plating Weapon Hammer Energy Gun Beam Rifle Energy Cannon Beam Cannon Ballistic Gun Assault Rifle Ballistic Cannon Light Cannon Launcher Grenade Launcher Special Weapon Plasma Cutter Impact Weapon Hammer Build | -11 -10 -9 -9 -9 -7 ------- Run | Yrd Mat Mat Sto Rec Fac Slots Evolved 6 | . . 2 . . 4 Power 1 | . . . . . 1 Propulsion . | . . . . . . Utility 5 | . . 2 . . 3 Weapon . | . . . . . . Parts Attached 95 | 7 11 15 31 5 26 Power 10 | 1 3 1 2 . 3 Engine 10 | 1 3 1 2 . 3 Core . | . . . . . . Reactor . | . . . . . . Propulsion 23 | 2 4 6 4 2 5 Treads . | . . . . . . Leg 9 | . . 2 3 . 4 Wheel 8 | 2 4 . . 2 . Hover 4 | . . 4 . . . Flight 2 | . . . 1 . 1 Utility 21 | 1 2 1 4 2 11 Device 13 | . 1 . 1 2 9 Storage 3 | 1 1 . 1 . . Processor 1 | . . 1 . . . Hackware . | . . . . . . Protection 4 | . . . 2 . 2 Artifact . | . . . . . . Weapon 41 | 3 2 7 21 1 7 Energy Gun 10 | 3 . 3 4 . . Energy Cannon 2 | . 1 . 1 . . Ballistic Gun 2 | . . . 1 . 1 Ballistic Cannon 1 | . . 1 . . . Launcher 10 | . 1 2 3 1 3 Special Weapon 13 | . . 1 11 . 1 Impact Weapon 3 | . . . 1 . 2 Slashing Weapon . | . . . . . . Piercing Weapon . | . . . . . . Special Melee Weapon . | . . . . . . Unidentified Prototypes 7 | . . . 7 . . Parts Lost 25 | . 2 . . 2 21 Power 4 | . 1 . . . 3 Propulsion 6 | . . . . 2 4 Utility 8 | . . . . . 8 Weapon 7 | . 1 . . . 6 Highest Loss Streak 3 | . 2 . . 2 3 To Critical Strikes . | . . . . . . Average Slot Usage (%) 86 | . 89 80 99 84 73 Engine 10 | . 12 11 11 11 8 Leg 11 | . . . 17 17 9 Wheel 5 | . 28 12 . . 2 Hover 2 | . . 9 4 . . Device 18 | . 1 11 21 21 24 Storage 11 | . 19 11 11 11 7 Protection 4 | . . . 10 . 6 Energy Gun 3 | . 13 14 . . . Launcher 6 | . 7 5 5 11 4 Special Weapon 2 | . . 1 9 . . Impact Weapon 5 | . . . 6 11 5 Naked Turns . | . . . . . . Heaviest Build 67 | 12 20 18 38 41 67 Greatest Support 40 | 20 26 26 23 26 40 Greatest Overweight (x) 16 | . . 1 12 11 16 Average Overweight (x) . | . . . . 1 1 Largest Inventory Capacity 15 | 8 8 8 15 15 15 Average Capacity 12 | 6 8 8 11 15 15 Most Carried 15 | 5 8 8 15 15 15 Average Carried 10 | 3 5 7 9 15 11 Final Capacity 15 | 8 8 8 15 15 15 Final Carried 15 | 2 8 8 15 15 8 Scrap Engine Consumption 21 | . . . . 12 9 Constructs Created 3 | . . . . . 3 Constructs Modified 3 | . . . . . 3 Class Distribution -------------------- 100% | Mutant Dominant Class ---------------- Mutant | -10/Materials Mutant | -9/Materials Mutant | -9/Storage Mutant | -9/Recycling Mutant | -7/Factory Resources | -11 -10 -9 -9 -9 -7 ----------- Run | Yrd Mat Mat Sto Rec Fac Matter Collected 1566 | 215 304 67 455 167 358 Remotely . | . . . . . . Salvage Created 1986 | . 353 67 89 678 799 Parts 111 | . 23 5 5 20 58 Haulers Intercepted . | . . . . . . Recyclers Shooed 1 | . . . 1 . . Parts Field Recycled . | . . . . . . Retrieved Matter . | . . . . . . Parts Self-Destructed . | . . . . . . Prevented . | . . . . . . Kills | -11 -10 -9 -9 -9 -7 ------- Run | Yrd Mat Mat Sto Rec Fac Combat Hostiles Destroyed 50 | . 14 1 2 8 25 Melee 3 | . . . . . 3 Guns 5 | . 3 . . . 2 Cannons 2 | . 1 1 . . . AOE 39 | . 10 . 2 7 20 Classes Destroyed 17 | . 4 1 1 6 5 Worker 7 | . 1 . 1 1 4 Builder 3 | . . . . . 3 Tunneler 1 | . . . . . 1 Recycler 6 | . 1 . . 4 1 Mechanic 1 | . . . . . 1 Drone 8 | . . . . . 8 Watcher 2 | . . 1 . . 1 Swarmer 12 | . 6 . . . 6 Grunt 17 | . 8 1 1 . 7 Brawler 2 | . . . 1 . 1 Duelist 1 | . . . . 1 . Protector 3 | . . . . 1 2 Sentry 3 | . . . . 3 . Demolisher 1 | . . . . 1 . Specialist 2 | . . . . . 2 Hunter 3 | . . . . 1 2 Programmer 6 | . . . . 1 5 Best Kill Streak 14 | . 4 1 3 9 14 Combat Bots Only 8 | . 4 1 2 6 8 Max Kills in Single Turn 5 | . 2 1 3 3 5 Gunslinging . | . . . . . . Exploded 3 | . 2 . 2 2 3 Melee 1 | . . . . . 1 Uniques/NPCs Destroyed . | . . . . . . Combat | -11 -10 -9 -9 -9 -7 -------- Run | Yrd Mat Mat Sto Rec Fac Hostile Shots Fired 491 | . 47 19 15 20 390 Missed 158 | . 14 2 5 5 132 Damage Taken 4833 | . 374 206 210 508 3535 Core 885 | . 91 31 13 50 700 Absorbed by Shields 237 | . . . . . 237 Regen/Repaired (Parts) 294 | . . 57 43 . 194 Core Remaining (%) 79 | 100 63 . . 76 . Volleys Fired 92 | . 32 9 7 8 36 Largest 2 | . 2 2 2 1 2 Hottest 112 | . 90 112 101 33 66 Shots Fired 104 | . 40 10 9 8 37 Gun 30 | . 16 4 2 . 8 Cannon 7 | . 6 1 . . . Launcher 58 | . 18 1 2 8 29 Special 9 | . . 4 5 . . Kinetic 2 | . . 1 . . 1 Thermal 35 | . 14 8 6 . 7 Explosive 56 | . 18 . 1 8 29 Electromagnetic 11 | . 8 1 2 . . Robot Hit Streak 12 | . 9 5 1 3 12 Robot Miss Streak 6 | . 6 1 4 1 1 Penetration Max . | . . . . . . Secondary Targets . | . . . . . . Shots Hit Robots 81 | . 20 6 2 9 44 Core Hits 140 | . 26 5 3 24 82 Critical Kills . | . . . . . . Critical Parts Destroyed 4 | . . . . . 4 Critical Strikes 6 | . 1 1 . . 4 Burn 1 | . 1 . . . . Smash 4 | . . . . . 4 Sever 1 | . . 1 . . . Melee Attacks 34 | . . . 2 4 28 Impact 34 | . . . 2 4 28 Slashing . | . . . . . . Piercing . | . . . . . . Sneak Attacks 2 | . . . . 2 . Combat Hostiles . | . . . . . . Follow-up Attacks 1 | . . . . . 1 Damage Inflicted 6637 | . 874 79 162 674 4848 Guns 217 | . 102 28 . . 87 Cannons 53 | . 53 . . . . Explosions 5616 | . 719 . 144 556 4197 Melee 700 | . . . 18 118 564 Ramming 5 | . . 5 . . . Kinetic . | . . . . . . Thermal 288 | . 127 74 . . 87 Explosive 5412 | . 719 . 144 556 3993 Electromagnetic 232 | . 28 . . . 204 Impact 700 | . . . 18 118 564 Slashing . | . . . . . . Piercing . | . . . . . . Highest Corruption 11 | . . 3 3 6 11 Average Corruption 4 | . . 2 3 3 9 Corruption Purged . | . . . . . . Corruption Blocked . | . . . . . . Effects 75 | . . 2 22 22 29 Message Errors 20 | . . 1 3 4 12 Matter Fused 13 | . . . 5 6 2 Heat Flow Errors 11 | . . . 5 4 2 Energy Discharges 7 | . . . 2 3 2 Parts Rejected 3 | . . . . . 3 Parts Fused 1 | . . . 1 . . Data Loss (minor) 7 | . . . 3 2 2 Data Loss (major) 6 | . . 1 2 1 2 Misfires 1 | . . . 1 . . Alerts 3 | . . . . 2 1 Misdirections 2 | . . . . . 2 Weapon Failures 1 | . . . . . 1 Overload Shots . | . . . . . . Overflow Damage 379 | . . . . 40 339 Projectiles . | . . . . . . Explosions 174 | . . . . 24 150 Melee 205 | . . . . 16 189 Knockbacks 4 | . . . . . 4 Impact 4 | . . . . . 4 Kinetic . | . . . . . . Secondary . | . . . . . . Self-Inflicted Damage 834 | . 77 7 16 205 529 Shots 31 | . 4 1 1 6 19 Rammed 2 | . . 2 . . . Targets Rammed 2 | . . 2 . . . Kicked . | . . . . . . Crushed . | . . . . . . Highest Temperature 243 | . 120 42 243 152 153 Average Temperature 57 | . 37 18 71 74 54 Received Heat Transfer 980 | . 63 96 57 18 746 Effects 1 | . . . 1 . . Interference 1 | . . . 1 . . Siege Activations . | . . . . . . Robots Corrupted . | . . . . . . Combat Hostiles . | . . . . . . Parts Fried 2 | . . . . 2 . Impact Corruptions 12 | . . . . 2 10 Robots Melted . | . . . . . . Combat Hostiles . | . . . . . . Parts Melted . | . . . . . . Heat Transferred 851 | . 407 222 . . 222 Parts Sabotaged . | . . . . . . Parts Stolen . | . . . . . . Parts Stripped . | . . . . . . Power Chain Reactions 2 | . . . . . 2 Alert | -11 -10 -9 -9 -9 -7 ------- Run | Yrd Mat Mat Sto Rec Fac Peak Influence 692 | . 299 193 288 212 692 Initial 126 | . . 126 7 78 42 Average 189 | . 102 110 142 74 422 Maximum Alert Level 2 | . 1 . 1 1 2 Low Security (%) 53 | 100 70 100 46 85 4 Level 1 33 | . 29 . 53 14 45 Level 2 12 | . . . . . 49 Level 3 . | . . . . . . Level 4 . | . . . . . . Level 5 . | . . . . . . High Security . | . . . . . . Max Security . | . . . . . . Squads Dispatched 16 | . 2 3 2 . 9 Investigation 3 | . 1 2 . . . Extermination 1 | . . . . . 1 Reinforcement 7 | . 1 1 2 . 3 Assault . | . . . . . . Garrison 5 | . . . . . 5 Intercept . | . . . . . . Searches Triggered . | . . . . . . Construction Impeded 2 | . . . . . 2 Haulers Reinforced . | . . . . . . Active Scanning Responses . | . . . . . . Cargo Convoy Interrupts 1 | . . . . . 1 Stealth | -11 -10 -9 -9 -9 -7 --------- Run | Yrd Mat Mat Sto Rec Fac Distress Signals . | . . . . . . Communications Jammed . | . . . . . . Distress Signals . | . . . . . . Times Spotted 99 | . 16 6 13 12 52 Peak Tracking Total 11 | . 4 2 4 5 11 Tactical Retreats 12 | . . 1 . . 11 Traps | -11 -10 -9 -9 -9 -7 ------- Run | Yrd Mat Mat Sto Rec Fac Traps Triggered 2 | . 1 . 1 . . Indirectly . | . . . . . . Trap Hack Attempts . | . . . . . . Triggered . | . . . . . . Disarmed . | . . . . . . Reprogrammed 6 | . . . 6 . . Reused . | . . . . . . Traps Extracted . | . . . . . . Installed . | . . . . . . Triggered 1 | . . . . . 1 Machines | -11 -10 -9 -9 -9 -7 ---------- Run | Yrd Mat Mat Sto Rec Fac Machines Disabled 36 | . 6 . 5 2 23 Max in Single Turn 5 | . 4 . . 1 5 Garrison Access 1 | . . . 1 . . Machines Repaired . | . . . . . . Machines Dismantled 3 | . . . 3 . . Machines Sabotaged . | . . . . . . Overloaded Fab Kills . | . . . . . . Hacking | -11 -10 -9 -9 -9 -7 --------- Run | Yrd Mat Mat Sto Rec Fac Machines Accessed 17 | . 2 3 6 4 2 Terminals 8 | . 2 1 2 2 1 Fabricators . | . . . . . . Repair Stations 3 | . . 1 1 . 1 Recycling Units 4 | . . . 2 2 . Scanalyzers 1 | . . 1 . . . Garrison Access 1 | . . . 1 . . Total Hacks 38 | . 3 13 8 8 6 Successful 26 | . 2 7 8 6 3 Failed 12 | . 1 6 . 2 3 Catastrophic 2 | . 1 . . 1 . Database Lockouts . | . . . . . . Manual . | . . . . . . Terminals 19 | . 3 6 3 4 3 Fabricators . | . . . . . . Repair Stations 8 | . . 3 2 . 3 Recycling Units 6 | . . . 2 4 . Scanalyzers 4 | . . 4 . . . Garrison Access 1 | . . . 1 . . Terminal Hacks 10 | . 2 1 3 3 1 Robot Analysis 1 | . 1 . . . . Open DSF 1 | . . . . . 1 Alert Level 4 | . 1 . 1 2 . Reprogram Traps 1 | . . . 1 . . Dispatch Records 1 | . . . 1 . . Zone Layout 2 | . . 1 . 1 . Fabricator Hacks . | . . . . . . Repair Station Hacks 6 | . . 2 2 . 2 Scan Component 3 | . . 1 1 . 1 Repair 3 | . . 1 1 . 1 Recycling Unit Hacks 5 | . . . 2 3 . Report Inventory 4 | . . . 2 2 . Retrieve Components 1 | . . . . 1 . Scanalyzer 4 | . . 4 . . . Insert Component 2 | . . 2 . . . Analyze 2 | . . 2 . . . Garrison Access Hacks 1 | . . . 1 . . Seal Access 1 | . . . 1 . . Unauthorized Hacks . | . . . . . . Terminals . | . . . . . . Fabricators . | . . . . . . Repair Stations . | . . . . . . Recycling Units . | . . . . . . Scanalyzers . | . . . . . . Garrison Access . | . . . . . . Data Cores Recovered . | . . . . . . Used . | . . . . . . Hacking Detections 9 | . 1 2 2 2 2 Full Trace Events 2 | . . 2 . . . Feedback Events . | . . . . . . Feedback Blocked . | . . . . . . Robot Schematics Acquired . | . . . . . . Robots Built . | . . . . . . Authchips . | . . . . . . Time . | . . . . . . Total Robot Build Rating . | . . . . . . Part Schematics Acquired 2 | . . 2 . . . Parts Built . | . . . . . . Authchips . | . . . . . . Time . | . . . . . . Total Part Build Rating . | . . . . . . Parts Repaired 3 | . . 1 1 . 1 Time 103 | . . 26 26 . 51 Parts Recycled . | . . . . . . Recycled Matter . | . . . . . . Retrieved Matter . | . . . . . . Retrieved Components 9 | . . . . 9 . Parts Scanalyzed 2 | . . 2 . . . Part Schematics Acquired 2 | . . 2 . . . Parts Damaged . | . . . . . . Bothacking | -11 -10 -9 -9 -9 -7 ------------ Run | Yrd Mat Mat Sto Rec Fac Used RIF Installer . | . . . . . . Robots Hacked . | . . . . . . Non-combat . | . . . . . . Combat . | . . . . . . Robot Hacks Applied . | . . . . . . Relay Couplers Released . | . . . . . . Fabnet Peak Effective % . | . . . . . . Robots Rewired . | . . . . . . Allies Hacked . | . . . . . . Hacks Repelled . | . . . . . . Allies | -11 -10 -9 -9 -9 -7 -------- Run | Yrd Mat Mat Sto Rec Fac Total Allies 1 | . . . 1 . . Largest Group 1 | . . . 1 . . Highest-Rated Group 100 | . . . 100 . . Highest-Rated Ally 100 | . . . 100 . . Total Orders 3 | . . . . . 3 EXPLORE 2 | . . . . . 2 RETURN 1 | . . . . . 1 Ally Attacks 25 | . . . 23 2 . Total Damage 873 | . . . 784 89 . Kills 14 | . . . 14 . . Allies Corrupted . | . . . . . . Allies Melted . | . . . . . . Intel | -11 -10 -9 -9 -9 -7 ------- Run | Yrd Mat Mat Sto Rec Fac Robot Analysis Total 1 | . 1 . . . . Derelict Logs Recovered . | . . . . . . Drone Launches 26 | . . . . . 26 Drone Recoveries 15 | . . . . . 15 Exploration | -11 -10 -9 -9 -9 -7 ------------- Run | Yrd Mat Mat Sto Rec Fac Turns Passed 5642 | 48 690 575 1646 1242 1441 Spaces Moved 2624 | 53 434 293 717 551 576 Core 97 | 36 . . 1 34 26 Treads 2 | . . . . . 2 Legs 1492 | . . . 612 478 402 Wheels 764 | 17 434 128 . 39 146 Hover 269 | . . 165 104 . . Flight . | . . . . . . Fastest Speed 50 | 50 80 90 116 105 120 Average Speed 158 | 59 85 104 163 209 197 Slowest Speed 850 | 80 90 116 650 600 850 Overloaded Moves . | . . . . . . Propulsion Burnouts . | . . . . . . Robots Hopped . | . . . . . . Cave-ins Triggered . | . . . . . . Exploration Rate (%) 46 | 3 58 22 96 80 19 Regions Visited 5 Branch Regions 2 Pre-discovered Areas . | . . . . . . Known Exits Taken . | . . . . . . Unknown Exits Taken 5 | 1 1 1 1 1 . Scrap Searched . | . . . . . . Spaces Dug 57 | . . . 4 11 42 Terrain Destroyed 333 | . 88 . 18 67 160 Melee . | . . . . . . Projectile 4 | . . . 4 . . AOE 329 | . 88 . 14 67 160 Terrain Rammed . | . . . . . . Walls Destroyed . | . . . . . . Machines Disabled . | . . . . . . Actions | -11 -10 -9 -9 -9 -7 --------- Run | Yrd Mat Mat Sto Rec Fac Total 3868 | 67 715 545 1121 623 797 Wait 873 | 3 217 208 288 53 104 Move 2619 | 52 433 292 716 550 576 Hop . | . . . . . . Pick Up 67 | 5 12 9 25 . 16 Fast Attach 19 | 3 3 2 6 4 1 Attach 33 | 3 1 . 9 . 20 Detach 5 | . . . 3 . 2 Swap 43 | 1 7 13 16 1 5 Drop 56 | . 10 10 23 3 10 Fire 92 | . 32 9 7 8 36 Melee 33 | . . . 2 4 27 Ram 2 | . . 2 . . . Kick . | . . . . . . Crush . | . . . . . . Escape Stasis . | . . . . . . Rewire . | . . . . . . Trap . | . . . . . . Miscellaneous 26 | . . . 26 . . Route ------- -11/Scrapyard -10/Materials (discovered 2 exits: *Mat / [*Min]) -9/Materials (discovered 2 exits: *Sto x2) -9/Storage (discovered 2 exits: [*Mat] / *Rec) -9/Recycling -7/Factory History --------- Turn | Location | Event 13 | -11/Scrapyard | Discovered new exit (range 15) 49 | -11/Scrapyard | Entered Materials 310 | -10/Materials | Build established: Mutant 357 | -10/Materials | Discovered new exit (range 14) 515 | -10/Materials | Discovered new exit (range 15) 739 | -10/Materials | Entered another Materials area 739 | -9/Materials | Evolved 2 slots: Utility x2 739 | -9/Materials | Discovered new exit (range 14) 1240 | -9/Materials | Repaired Grenade Launcher 1301 | -9/Materials | Discovered new exit (range 8) 1314 | -9/Materials | Entered Storage 1611 | -9/Storage | Met 01-MTF 2026 | -9/Storage | Discovered new exit (range 7) 2069 | -9/Storage | Repaired Grenade Launcher 2287 | -9/Storage | Discovered new exit (range 4) 2960 | -9/Storage | Entered Recycling 2960 | -9/Recycling | Accompanied by 1 ally (01-MTF) 2965 | -9/Recycling | 01-MTF left 2973 | -9/Recycling | Found Scrap Engine 4171 | -9/Recycling | Discovered new exit (range 16) 4202 | -9/Recycling | Entered Factory 4202 | -7/Factory | Evolved 4 slots: Power x1, Utility x3 4258 | -7/Factory | Garrison activated, responded to threat 4281 | -7/Factory | Lost 3 allies 4614 | -7/Factory | Repaired Cld. Ion Engine 4635 | -7/Factory | Lost 6 allies 4907 | -7/Factory | Cargo convoy interrupted 4955 | -7/Factory | Destroyed 8 combat bots 5074 | -7/Factory | System corruption reached 10% 5487 | -7/Factory | Garrison activated, responded to threat 5499 | -7/Factory | Lost 3 parts (2u1w) 5599 | -7/Factory | Core integrity fell below 50% 5635 | -7/Factory | Core integrity fell below 20% 5643 | -7/Factory | Destroyed by Y-54 Guardian with Gatling Laser Last Messages --------------- Acquired VTOL Module. K-01 Serf collects debris. Acquired 26 matter. K-01 Serf collects debris. U==/FSKPHAQ,XNEZR#CY|RSA K-01 Serf cleans the Fabricator. K-01 Serf collects debris. K-01 Serf cleans the Fabricator. K-01 Serf collects debris. K-01 Serf cleans the Fabricator. K-01 Serf collects debris. Arm. Scrap Engine destroyed. Scrap Engine core remains intact and functional. System corrupted: Matter fused (-9). LW&X:2ILY4RCPKEN8,V&X%VN>5NIPJY